 Dungeon Crawl Stone Soup version 0.28.0-45-g0d030f2227 (webtiles) character file.

Game seed: 17357376258216394013

56 Descartes the Grasshopper (level 3, -8/16 HPs)
             Began as a Felid Warper on Apr 18, 2022.
             Mangled by a gnoll
             ... wielding a +0 halberd
              (11 damage)
             ... while paralysed by Grinder
             ... on level 2 of the Dungeon.
             The game lasted 00:04:16 (3531 turns).

Descartes the Grasshopper (Felid Warper)            Turns: 3531, Time: 00:04:17

Health: -8/16      AC:  1    Str:  9    XL:     3   Next: 71%
Magic:  7/7        EV:  4    Int: 14    God:
Gold:   100        SH:  0    Dex: 15    Spells: 4/6 levels left
                                        Lives:  0   Deaths: 0

rFire   + . .      SeeInvis +     - Unarmed
rCold   + + .      Faith    .   (shield unavailable)
rNeg    . . .      Spirit   .   (armour unavailable)
rPois   +          Reflect  .   (helmet unavailable)
rElec   +          Harm     .   (cloak unavailable)
rCorr   +          Rampage  .   (gloves unavailable)
Will    .....                   (boots unavailable)
Stlth   ++........              o - amulet of magic regeneration
HPRegen 0.05/turn               e - ring of protection from cold
MPRegen 0.50/turn               (no ring)

@: paralysed, brilliant, resistant, quick
A: very small, claws 1, fangs 3, see invisible, speed 1, shaggy fur 1, stealthy
paws, no weapons or thrown items, no armour, multi-lived
a: no special abilities


You were on level 2 of the Dungeon.
You visited 1 branch of the dungeon, and saw 3 of its levels.

You collected 100 gold pieces.

Inventory:

Missiles
 c - 38 stones
Jewellery
 e - a ring of protection from cold (left paw)
 o - an amulet of magic regeneration (around neck)
Scrolls
 a - a scroll of blinking
 b - a scroll of enchant armour {unknown}
 h - a scroll of amnesia {unknown}
 i - a scroll of fear {unknown}
 l - a scroll of vulnerability {unknown}
 n - a scroll of identify {unknown}
Potions
 d - a potion of might {unknown}
 f - a potion of heal wounds {unknown}
 k - a potion of ambrosia {unknown}
 m - a potion of attraction {unknown}


   Skills:
 - Level 2.0 Fighting
 + Level 4.2 Dodging
 + Level 2.7 Stealth
 + Level 2.8 Unarmed Combat
 - Level 2.0 Spellcasting
 - Level 4.4 Translocations


You had 4 spell levels left.
You knew the following spells:

 Your Spells              Type           Power      Damage    Failure   Level
a - Blink                 Tloc           40%        N/A       6%          2

Your spell library contained the following spells:

 Spells                   Type           Power      Damage    Failure   Level
 Gell's Gravitas          Tloc           20%        N/A       12%         3
 Lesser Beckoning         Tloc           20%        N/A       12%         3
 Teleport Other           Tloc           20%        N/A       12%         3
 Manifold Assault         Tloc           20%        N/A       73%         5


Dungeon Overview and Level Annotations

Branches:
Dungeon (3/15)

Altars:
Elyvilon
Ru

Annotations:
D:2 Grinder
D:3 Sigmund


Innate Abilities, Weirdness & Mutations

You have sharp claws.
You have razor-sharp teeth.
You have supernaturally acute eyesight. (SInv)
You cover ground quickly. (Speed+)
You are covered in fur. (AC +1)
Your paws help you pounce on unaware monsters.
You are incapable of wielding weapons or throwing items.
You cannot wear armour.
You gain extra lives every three experience levels.


Message History

The gnoll misses you.
You closely miss the gnoll.
The gnoll is almost dead.
The gnoll completely misses you.
You scratch the gnoll.
You kill the gnoll!
No target in view!
Things that are here:
a +0 halberd; a gnoll corpse
There is a stone staircase leading down here.
You start putting on your amulet.
You continue putting on your amulet of magic regeneration. x5
You finish putting on your amulet of magic regeneration.
o - an amulet of magic regeneration (around neck) Memorise Blink, consuming 2 spell levels and leaving 4?
You start memorising the spell.
You continue memorising. x2
You finish memorising.
Spell assigned to 'a'.
Okay, then.
You climb downwards.
Level annotation: Grinder, Sigmund Grinder gestures at you.
You barely resist. The gnoll completely misses you. Grinder misses you.
There is a stone staircase leading up here.
The gnoll misses you. Grinder hits you!
You climb upwards.
There is a stone staircase leading down here.
It was a potion of resistance.
You feel protected. The gnoll completely misses you. Grinder gestures at you.
You resist with significant effort.
It was a potion of brilliance.
You feel clever all of a sudden. The gnoll hits you with a +0 halberd.
* * * LOW HITPOINT WARNING * * *
Grinder gestures at you.
You suddenly lose the ability to move!
The gnoll hits you with a +0 halberd!
Ouch! That really hurt!
You die...

***** #.,,* #...*
#...* #####* #...*
#.(.,*
#####...########.##.#
....'...........@5..#
#####..........g.####
### #..............#
..# #...........##.#
#.# #.##........##.#
#.# #...........+..#
#.# #..#....[......#
#.# #..###'###.....#
#.# #..# #.###.._..#


You could see Grinder and a gnoll.

Vanquished Creatures
  2 gnolls (D:2)
  4 endoplasms
  2 giant cockroaches (D:1)
  2 goblins
  3 hobgoblins (D:1)
  3 jackals (D:1)
  4 kobolds (D:2)
  2 quokkas (D:1)
  3 ball pythons (D:1)
  3 bats
  3 frilled lizards
  4 rats (D:1)
35 creatures vanquished.

Notes
Turn   | Place    | Note
-------+----------+-------------------------------------------
     0 | D:1      | Descartes the Felid Warper began the quest for the Orb.
     0 | D:1      | Reached XP level 1. HP: 9/9 MP: 4/4
   450 | D:1      | Reached skill level 1 in Stealth
   475 | D:1      | Reached XP level 2. HP: 13/13 MP: 6/6
   499 | D:1      | Found a faded altar of an unknown god.
  1649 | D:2      | Found a sacrificial altar of Ru.
  1833 | D:2      | Reached XP level 3. HP: 12/16 MP: 7/7
  2449 | D:3      | Found a white marble altar of Elyvilon.
  2754 | D:3      | Noticed Grinder
  2963 | D:3      | Noticed Sigmund
  3291 | D:2      | Found a sacrificial altar of Ru.
  3525 | D:2      | Learned a level 2 spell: Blink
  3530 | D:2      | Paralysed by Grinder for 5 turns
  3531 | D:2      | Mangled by a gnoll

Illustrated notes

Levels and vault maps discovered:
D:1:      lightli_arrival_isolated_outpost, layout_loops_ring,
          hellmonk_ecumenical_altar_crossroads, minmay_cut_off
D:2:      minmay_chambers_of_ones, layout_basic, basic_altar
D:3:      layout_loops_ring, elyvilon_altar_5, uniq_sigmund, uniq_grinder

Skill      XL: |  1  2  3 |
---------------+----------+-----
Stealth        | 1 2 |  2.7
Dodging        | 4 |  4.2
Fighting       | |  2.0
Unarmed Combat | |  2.8
Spellcasting   | |  2.0
Translocations | |  4.4

Action                   || total
-------------------------++-------
Melee: Unarmed           ||   117
       Bite              ||     4
       Punch             ||     2
  Use: Potion            ||     2
 Stab: Sleeping          ||    11
Armor: Skin              ||     8
Dodge: Dodged            ||   123
